 Dungeon Sprint DCSS version 0.22-a0-512-g0943f25 (webtiles) character file.

53346 emperorscorpion the Phalangite (level 14, -18/140 HPs)
             Began as a Demonspawn Berserker on June 17, 2018.
             Was the Champion of Trog.
             Demolished by an Orb Guardian (38 damage)
             ... in the Dungeon (Sprint IX: "|||||||||||||||||||||||||||||") on June 19, 2018.
             The game lasted 00:18:36 (3553 turns).

emperorscorpion the Phalangite (DsBe)               Turns: 3553, Time: 00:18:36

Health: -18/140    AC: 27    Str: 26    XL:     14   Next: 30%
Magic:  4/4        EV: 13    Int:  8    God:    Trog [******]
Gold:   325        SH:  0    Dex: 16    Spells: 13/13 levels left

rFire    + . .     SeeInvis .   a - +5 bardiche (antimagic)
rCold    . . .     Gourm    .   (shield currently unavailable)
rNeg     . . .     Faith    .   E - +3 plate armour of Amorality {rPois}
rPois    +         Spirit   .   (helmet restricted)
rElec    .         Reflect  .   q - +0 cloak
rCorr    .         Harm     .   F - +1 pair of gloves
MR       +++..     NoTele   +   C - +0 pair of boots
Stlth    ..........             (no amulet)
HPRegen  1.33/turn              s - +3 ring of dexterity
MPRegen  0.09/turn              t - +3 ring of strength

@: regenerating
A: horns 2, yellow scales 2, blink, fire resistance 1, robust 1, screaming 1,
spiny 2, flame cloud immunity
a: Blink, Berserk, Trog's Hand, Brothers in Arms, Renounce Religion


You were in the Dungeon.
You worshipped Trog.
Trog was exalted by your worship.
You were very hungry.

You visited 1 branch You collected 1908 gold pieces.
You spent 1583 gold pieces at shops.

Inventory:

Hand Weapons
 a - a +5 antimagic bardiche (weapon)
 b - a +1 demon trident of venom
 c - the +2 halberd of the Thirsty Wonders {freeze, rC+}
   (You found it in the Dungeon)

   It has been specially enchanted to freeze those struck by it, causing extra
   injury to most foes and up to half again as much damage against particularly
   susceptible opponents.
   It can also slow down cold-blooded creatures.
   It protects you from cold.
 y - a +4 antimagic halberd
 z - a +3 antimagic glaive
 G - a +0 spear
 S - a +4 blowgun
Missiles
 Q - 9 javelins of penetration (quivered)
 R - 11 curare-tipped needles
 T - 2 needles of confusion
 V - 8 needles of sleeping
Armour
 j - a cursed +0 plate armour
 o - a +0 animal skin
 p - a +0 helmet
 q - a +0 cloak (worn)
 r - a +1 scale mail
 C - a +0 pair of boots (worn)
 E - the +3 plate armour of Amorality (worn) {rPois}
   (You found it in the Dungeon)

   It protects you from poison.
 F - a +1 pair of gloves (worn)
Magical Staves
 n - an uncursed staff of energy
Jewellery
 s - a +3 ring of dexterity (left hand)
 t - a +3 ring of strength (right hand)
 N - an uncursed ring of see invisible
 O - an uncursed ring of poison resistance
 P - an uncursed ring of ice
Wands
 m - a wand of iceblast (10)
Scrolls
 i - 2 scrolls of blinking
 l - 5 scrolls of remove curse
 u - a scroll of fear
 v - 2 scrolls of fog
 w - 5 scrolls of enchant weapon
 x - 2 scrolls of enchant armour
 A - 3 scrolls of identify
Potions
 d - a potion of invisibility
 e - 12 potions of heal wounds
 f - a potion of haste
 g - 4 potions of magic
 h - 5 potions of berserk rage
 k - 9 potions of curing
 B - a potion of brilliance
 H - 5 potions of mutation
 I - 3 potions of cancellation
 K - a potion of flight
 L - a potion of might
 M - a potion of lignification
Miscellaneous
 J - a fan of gales
Comestibles
 D - 9 rations


   Skills:
 + Level 17.4 Fighting
 * Level 25.6 Polearms
 * Level 9.9 Throwing
 + Level 12.1 Armour
 + Level 8.4 Dodging
 - Level 2.5 Stealth


You had 13 spell levels left.
You didn't know any spells.
Your spell library was empty.

Dungeon Overview and Level Annotations

Branches:
Dungeon (1/1)

Altars:
Cheibriados
Dithmenos
Elyvilon
Fedhas
Gozag
Hepliaklqana
Kikubaaqudgha
Makhleb
Nemelex Xobeh
Okawaru
Qazlal
Ru
Sif Muna
Trog
Uskayaw
Vehumet
Wu Jian
Xom
Yredelemnul
Zin
The Shining One
Beogh
Jiyva
Lugonu

Shops:
D !?}!


Innate Abilities, Weirdness & Mutations

You have a pair of horns on your head.
You are mostly covered in yellow scales. (AC +3)
Your flesh is heat resistant. (rF+)
You are mostly covered in sharp spines.
You are immune to clouds of flame.
You can translocate small distances at will.
You are robust. (+10% HP)
You occasionally shout uncontrollably at your foes.


Message History

You are feeling very hungry.
The Orb Guardian completely misses you. The Orb Guardian closely misses you.
You swap places.
The Orb Guardian hits your iron troll!!!
Your iron troll bites the Orb Guardian!!
Your iron troll claws the Orb Guardian.
Your iron troll claws the Orb Guardian!!
The ironbrand convoker gestures at the guardian mummy while chanting.
The guardian mummy seems to grow stronger.
You swap places.
The Orb Guardian hits you!!
* * * LOW HITPOINT WARNING * * *
The Orb Guardian hits you.
* * * LOW HITPOINT WARNING * * *
Unknown command.
You feel much better. The Orb Guardian hits you.
* * * LOW HITPOINT WARNING * * *
You barely miss the Orb Guardian.
The Orb Guardian is severely wounded.
The Orb Guardian hits you!!!
You die...

▓▓▓▓▓▓▓▓▓▓▓▓▓▓▓▓▓▓▓▓▓
▓..XM........p.......
▓)▓▓▓▓▓▓▓▓▓▓▓▓▓▓▓▓▓▓▓
▓MpX@T.......'.......
▓▓▓▓▓▓▓▓▓▓▓▓▓▓▓▓▓▓▓▓▓
▓....................
▓.▓▓▓▓▓▓▓▓▓▓▓▓▓▓▓▓▓▓▓
▓.........'....))....
▓▓▓▓▓▓▓▓▓▓▓▓▓▓▓▓▓▓▓▓▓
▓....................
▓.▓▓▓▓▓▓▓▓▓▓▓▓▓▓▓▓▓▓▓
▓.........'.....∩[∩.∩


You could see an Orb Guardian, an ironbrand convoker, a guardian mummy and a
friendly iron troll (berserk).

Vanquished Creatures
  A greater mummy (D)
  2 tentacled monstrosities (D)
  2 sphinxes (D)
  A tengu reaver (D)
  2 fire giants (D)
  An ironheart preserver (D)
  4 stone giants (D)
  2 fire dragons (D)
  Snorg (D)
  A mummy priest (D)
  Josephine (D)
  2 ettins (D)
  A naga warrior (D)
  An ice dragon (D)
  An anaconda (D)
  A merfolk aquamancer (D)
  An alligator (D)
  2 two-headed ogres (D)
  2 tengu warriors (D)
  A naga sharpshooter (D)
  A hell knight (D)
  A shock serpent (D)
  A flayed ghost (D)
  A glowing orange brain (D)
  A naga ritualist (D)
  A sea snake (D)
  3 orc knights (D)
  A necromancer (D)
  4 wolf spiders (D)
  An orc sorcerer (D)
  A moth of wrath (D)
  A merfolk siren (D)
  A smoke demon (D)
  Joseph (D)
  A black mamba (D)
  A black mamba (shapeshifter) (D)
  A water nymph (D)
  A kobold demonologist (D)
  A jumping spider (D)
  A tengu conjurer (D)
  A merfolk (D)
  A troll (D)
  A wind drake (D)
  2 slime creatures (D)
  3 blink frogs (D)
  A hippogriff (D)
  A water elemental (D)
  A redback (D)
  A spriggan (D)
  A shadow (D)
  5 wraiths (D)
  A wyvern (D)
  A vampire mosquito (D)
  2 wargs (D)
  4 nagas (D)
  2 hell hounds (D)
  A porcupine (D)
  2 water moccasins (D)
  5 orc warriors (D)
  An eye of draining (D)
  A phantom (D)
  3 centaurs (D)
  4 wolves (D)
  A big kobold (D)
  2 bullfrogs (D)
  4 orc wizards (D)
  2 orc priests (D)
  An iguana (D)
  A worker ant (D)
  An adder (D)
  2 adder skeletons (D)
  2 dart slugs (D)
  8 orcs (D)
  A bat (D)
  2 bat skeletons (D)
  A bat zombie (D)
  A hobgoblin (D)
  2 bat simulacra (D)
  A jackal zombie (D)
  A rat (D)
133 creatures vanquished.

Vanquished Creatures (collateral kills)
  An emperor scorpion (D)
  A very ugly thing (D)
  A spark wasp (D)
  A deep troll shaman (D)
  Sonja (D)
  6 orc knights (D)
  A manticore (D)
  An ugly thing (D)
  2 komodo dragons (D)
  A rime drake (D)
  A yaktaur (D)
  A hornet (D)
  2 yaks (D)
  A basilisk (D)
  A porcupine (D)
  2 water moccasins (D)
  11 orc warriors (D)
  2 bullfrogs (D)
  An orc wizard (D)
38 creatures vanquished.

Vanquished Creatures (others)
  A spatial maelstrom (D)
  A spiny frog (D)
  A vampire mosquito (D)
  A swamp drake (D)
4 creatures vanquished.

Grand Total: 175 creatures vanquished

Notes
Turn   | Place    | Note
-------+----------+-------------------------------------------
     0 | D        | emperorscorpion the Demonspawn Berserker began the quest for the Orb.
     0 | D        | Reached XP level 1. HP: 18/18 MP: 1/1
     0 | D        | Banished a spatial maelstrom
     5 | D        | Reached skill level 3 in Polearms
    10 | D        | Reached ** piety under Trog
    11 | D        | Gained mutation: You are partially covered in sharp spines. [demonic ancestry]
    11 | D        | Reached XP level 2. HP: 25/25 MP: 2/2
    65 | D        | Noticed a centaur
    71 | D        | Reached skill level 4 in Polearms
    73 | D        | Reached *** piety under Trog
    82 | D        | Killed a centaur
    82 | D        | Reached skill level 6 in Polearms
    82 | D        | Reached XP level 3. HP: 5/34 MP: 3/3
    82 | D        | Gained mutation: You have a pair of small horns on your head. [demonic ancestry]
    82 | D        | Reached XP level 4. HP: 6/40 MP: 4/4
    90 | D        | Found a roughly hewn altar of Beogh.
    90 | D        | Found a snail-covered altar of Cheibriados.
    90 | D        | Found a shadowy altar of Dithmenos.
    90 | D        | Found a white marble altar of Elyvilon.
    90 | D        | Found a blossoming altar of Fedhas.
    90 | D        | Found an opulent altar of Gozag.
    91 | D        | Found a hazy altar of Hepliaklqana.
    92 | D        | Found a viscous altar of Jiyva.
    93 | D        | Found an ancient bone altar of Kikubaaqudgha.
    94 | D        | Found a corrupted altar of Lugonu.
    95 | D        | Found a burning altar of Makhleb.
    96 | D        | Found a sparkling altar of Nemelex Xobeh.
    97 | D        | Found an iron altar of Okawaru.
    98 | D        | Found a stormy altar of Qazlal.
    99 | D        | Found a sacrificial altar of Ru.
   100 | D        | Found a deep blue altar of Sif Muna.
   101 | D        | Found a bloodstained altar of Trog.
   102 | D        | Found a hide-covered altar of Uskayaw.
   103 | D        | Found a radiant altar of Vehumet.
   104 | D        | Found an ornate altar of the Wu Jian Council.
   105 | D        | Found a shimmering altar of Xom.
   106 | D        | Found a basalt altar of Yredelemnul.
   107 | D        | Found a glowing silver altar of Zin.
   108 | D        | Found a glowing golden altar of the Shining One.
   126 | D        | Got the +2 halberd of the Thirsty Wonders {freeze, rC+}
   302 | D        | Noticed a big kobold
   302 | D        | Noticed a bullfrog
   302 | D        | Noticed a two-headed ogre
   304 | D        | Reached **** piety under Trog
   310 | D        | Killed a two-headed ogre
   310 | D        | Reached skill level 10 in Fighting
   310 | D        | Reached skill level 10 in Polearms
   310 | D        | Reached skill level 5 in Dodging
   310 | D        | Reached XP level 5. HP: 53/53 MP: 5/5
   310 | D        | Gained mutation: Your flesh is heat resistant. (rF+) [demonic ancestry]
   310 | D        | Reached XP level 6. HP: 60/60 MP: 6/6
   310 | D        | Reached XP level 7. HP: 66/66 MP: 7/7
   315 | D        | Reached ***** piety under Trog
   318 | D        | Reached skill level 11 in Polearms
   318 | D        | Reached skill level 5 in Armour
   356 | D        | Noticed a troll
   356 | D        | Noticed a two-headed ogre
   356 | D        | Noticed a wyvern
   358 | D        | Killed a wyvern
   358 | D        | Reached XP level 8. HP: 74/74 MP: 8/8
   367 | D        | Killed a two-headed ogre
   367 | D        | Reached skill level 12 in Polearms
   370 | D        | Killed a troll
   370 | D        | Gained mutation: You are partially covered in yellow scales. (AC +2) [demonic ancestry]
   370 | D        | Reached XP level 9. HP: 82/82 MP: 9/9
   471 | D        | Gained mutation: You are robust. (+10% HP) [potion of mutation]
   471 | D        | Gained mutation: You occasionally shout uncontrollably at your foes. [potion of mutation]
   471 | D        | Gained mutation: You can translocate small distances at will. [potion of mutation]
   487 | D        | Noticed a komodo dragon
   490 | D        | Reached skill level 13 in Polearms
   496 | D        | Killed a komodo dragon
   497 | D        | Noticed a komodo dragon
   498 | D        | Reached ****** piety under Trog
   502 | D        | Received a gift from Trog
   503 | D        | Killed a komodo dragon
   519 | D        | Reached skill level 14 in Polearms
   519 | D        | Noticed a rime drake
   528 | D        | Killed a rime drake
   553 | D        | Gained mutation: You have a pair of horns on your head. [demonic ancestry]
   553 | D        | Reached XP level 10. HP: 101/101 MP: 10/10
   559 | D        | Received a gift from Trog
   567 | D        | Reached skill level 15 in Polearms
   645 | D        | Received a gift from Trog
   648 | D        | Noticed Josephine
   653 | D        | Killed Josephine
   662 | D        | Reached skill level 16 in Polearms
   724 | D        | Received a gift from Trog
   744 | D        | Received a gift from Trog
   774 | D        | Noticed an orc knight
   774 | D        | Noticed an orc sorcerer
   777 | D        | Noticed a rust devil
   777 | D        | Killed an orc sorcerer
   781 | D        | Received a gift from Trog
   788 | D        | Killed an orc knight
   791 | D        | Reached skill level 1 in Stealth
   793 | D        | Noticed an orc knight
   796 | D        | Killed an orc knight
   796 | D        | Reached skill level 17 in Polearms
   796 | D        | Reached XP level 11. HP: 75/110 MP: 3/11
   797 | D        | Received a gift from Trog
   828 | D        | Found Licsad's Distillery.
   828 | D        | Noticed an orc knight
   828 | D        | Noticed an orc knight
   833 | D        | Noticed an orc knight
   842 | D        | Killed an orc knight
   843 | D        | Noticed an orc knight
   848 | D        | Killed an orc knight
   851 | D        | Killed an orc knight
   855 | D        | Found Wapa's Gadget Shop.
   857 | D        | Killed an orc knight
   857 | D        | Received a gift from Trog
   864 | D        | Found Zal Witt's Magic Scroll Boutique.
   868 | D        | Found Yloliwic's Distillery.
   871 | D        | Noticed an orc knight
   873 | D        | Noticed an orc knight
   877 | D        | Killed an orc knight
   884 | D        | Killed an orc knight
   884 | D        | Reached skill level 18 in Polearms
   895 | D        | Upgraded the game from 0.22-a0-482-g76e0a5f to 0.22-a0-512-g0943f25
   902 | D        | Bought a potion of mutation for 104 gold pieces
   902 | D        | Bought 2 potions of curing for 78 gold pieces
   902 | D        | Bought 2 potions of mutation for 208 gold pieces
   902 | D        | Bought 2 potions of cancellation for 208 gold pieces
   902 | D        | Bought a potion of degeneration for 13 gold pieces
   905 | D        | Bought a fan of gales for 520 gold pieces
   907 | D        | Bought a scroll of enchant weapon for 82 gold pieces
   907 | D        | Bought a scroll of identify for 22 gold pieces
   909 | D        | Bought a potion of flight for 36 gold pieces
   909 | D        | Bought a potion of might for 48 gold pieces
   909 | D        | Bought a potion of cancellation for 96 gold pieces
   909 | D        | Bought a potion of heal wounds for 60 gold pieces
   909 | D        | Bought a potion of lignification for 36 gold pieces
   909 | D        | Bought a potion of curing for 36 gold pieces
   909 | D        | Bought a potion of curing for 36 gold pieces
  1039 | D        | Got the +3 plate armour of Amorality {rPois}
  1076 | D        | Received a gift from Trog
  1083 | D        | Noticed an orc knight
  1086 | D        | Noticed a necromancer
  1087 | D        | Noticed a spark wasp
  1089 | D        | Killed an orc knight
  1092 | D        | Noticed a deep troll shaman
  1094 | D        | Killed a necromancer
  1094 | D        | Received a gift from Trog
  1096 | D        | Noticed a stone giant
  1108 | D        | Killed a spark wasp
  1108 | D        | Reached skill level 19 in Polearms
  1109 | D        | Killed a deep troll shaman
  1116 | D        | Killed a stone giant
  1379 | D        | Noticed an ettin
  1385 | D        | Killed an ettin
  1385 | D        | Received a gift from Trog
  1595 | D        | Noticed Sonja
  1601 | D        | Killed Sonja
  1630 | D        | Noticed Joseph
  1640 | D        | Killed Joseph
  1640 | D        | Reached skill level 20 in Polearms
  1672 | D        | Noticed an emperor scorpion
  1672 | D        | Noticed a wolf spider
  1672 | D        | Noticed a wolf spider
  1672 | D        | Noticed a wolf spider
  1677 | D        | Killed a wolf spider
  1677 | D        | Reached skill level 1 in Throwing
  1677 | D        | Gained mutation: You are mostly covered in yellow scales. (AC +3) [demonic ancestry]
  1677 | D        | Reached XP level 12. HP: 106/118 MP: 4/12
  1695 | D        | Killed an emperor scorpion
  1695 | D        | Received a gift from Trog
  2086 | D        | Noticed a merfolk aquamancer
  2100 | D        | Reached skill level 15 in Fighting
  2106 | D        | Received a gift from Trog
  2111 | D        | Killed a merfolk aquamancer
  2111 | D        | Reached skill level 21 in Polearms
  2128 | D        | Received a gift from Trog
  2422 | D        | Noticed a tentacled monstrosity
  2424 | D        | Noticed a tentacled monstrosity
  2426 | D        | Reached skill level 10 in Armour
  2429 | D        | Killed a tentacled monstrosity
  2430 | D        | Noticed an alligator
  2436 | D        | Killed a tentacled monstrosity
  2436 | D        | Reached skill level 22 in Polearms
  2436 | D        | Reached skill level 5 in Throwing
  2439 | D        | Received a gift from Trog
  2443 | D        | Killed an alligator
  2546 | D        | Noticed an anaconda
  2554 | D        | Received a gift from Trog
  2554 | D        | Gained mutation: You are immune to clouds of flame. [demonic ancestry]
  2554 | D        | Reached XP level 13. HP: 125/128 MP: 4/13
  2655 | D        | Noticed Snorg
  2665 | D        | Killed Snorg
  2696 | D        | Noticed a tengu reaver
  2696 | D        | Noticed a purple very ugly thing
  2696 | D        | Noticed a stone giant
  2703 | D        | Killed a stone giant
  2709 | D        | Killed a purple very ugly thing
  2709 | D        | Received a gift from Trog
  2711 | D        | Noticed a fire giant
  2714 | D        | Killed a tengu reaver
  2714 | D        | Reached skill level 23 in Polearms
  2715 | D        | Noticed a stone giant
  2734 | D        | Killed a fire giant
  2734 | D        | Received a gift from Trog
  2748 | D        | Killed a stone giant
  2748 | D        | Received a gift from Trog
  3000 | D        | Noticed a fire dragon
  3001 | D        | Noticed a fire dragon
  3007 | D        | Noticed a stone giant
  3009 | D        | Killed a fire dragon
  3015 | D        | Noticed a fire giant
  3018 | D        | Killed a fire dragon
  3024 | D        | Reached skill level 24 in Polearms
  3024 | D        | Noticed an ettin
  3029 | D        | Killed a stone giant
  3029 | D        | Received a gift from Trog
  3033 | D        | Killed a fire giant
  3033 | D        | Received a gift from Trog
  3038 | D        | Killed an ettin
  3054 | D        | Received a gift from Trog
  3129 | D        | Noticed an ironheart preserver
  3136 | D        | Killed an ironheart preserver
  3148 | D        | Noticed a sphinx
  3152 | D        | Killed a sphinx
  3158 | D        | Gained mutation: You are mostly covered in sharp spines. [demonic ancestry]
  3158 | D        | Reached XP level 14. HP: 133/138 MP: 4/14
  3162 | D        | Received a gift from Trog
  3167 | D        | Noticed a sphinx
  3168 | D        | Noticed a greater mummy
  3171 | D        | Killed a sphinx
  3171 | D        | Received a gift from Trog
  3171 | D        | Reached skill level 25 in Polearms
  3406 | D        | Killed a greater mummy
  3538 | D        | Noticed an Orb Guardian
  3544 | D        | Received a gift from Trog
  3551 | D        | HP: 2/140 [Orb Guardian (6)]
  3553 | D        | Demolished by an Orb Guardian

Vault maps used:
D:        linesprint

Skill      XL: |  1  2  3  4  5  6  7  8  9 10 11 12 13 14 |
---------------+-------------------------------------------+-----
Polearms       | 3 6 10 11 12 14 17 20 22 24 25 | 25.6
Armour         | 2 4 5 6 7 9 10 11 12 | 12.1
Dodging        | 2 3 5 6 7 8 |  8.4
Fighting       | 6 10 11 13 14 15 16 17 | 17.4
Stealth        | 1 2 |  2.5
Throwing       | 1 5 8 9 |  9.9

Action                   |  1- 3 |  4- 6 |  7- 9 | 10-12 | 13-15 || total
-------------------------+-------+-------+-------+-------+-------++-------
Melee: Spear             |    23 |     1 |       |       |       ||    24
       Halberd           |       |     7 |    40 |    31 |       ||    78
       Headbutt          |       |     4 |     5 |    43 |    31 ||    83
       Bardiche          |       |       |       |   205 |   159 ||   364
Invok: Berserk           |     2 |     1 |     2 |     2 |     1 ||     8
       Brothers in Arms  |       |       |     1 |     8 |     3 ||    12
       Trog's Hand       |       |       |     1 |     3 |     4 ||     8
  Use: Potion            |       |     1 |     1 |       |     1 ||     3
 Stab: Distracted        |       |       |       |     1 |     1 ||     2
  Eat: Chunk             |       |       |     3 |     7 |     6 ||    16
       Ration            |       |       |       |     2 |       ||     2
Armor: Animal skin       |     1 |     1 |       |       |       ||     2
       Scale mail        |       |     1 |     4 |     6 |       ||    11
       Plate armour      |       |       |       |    77 |    64 ||   141
Dodge: Dodged            |     2 |     5 |     6 |    85 |    48 ||   146

Table legend:
 A = Spawn XP
 B = Non-spawn XP
 C = Spawn XP percentage of total XP
 D = Spawn monster count
 E = Non-spawn monster count
 F = Spawn count percentage of total count
 G = Total turns spent on level
                    A         B        C        D         E        F      G
               +---------+---------+-------+---------+---------+-------+---------
         Total |       0 |   76209 |   0.0 |       0 |     172 |   0.0 |  3553
               +---------+---------+-------+---------+---------+-------+---------
             D |       0 |   76209 |   0.0 |       0 |     172 |   0.0 |  3553
               +---------+---------+-------+---------+---------+-------+---------
